 Dungeon Crawl Stone Soup version 0.25-a0-404-gc1b5a34292 (webtiles) character file.

Game seed: 4009199058690572507, levelgen mode: deterministic

12593 DeadFury222 the Severer (level 11, -8/97 HPs)
             Began as a Hill Orc Fighter on Jan 10, 2020.
             Was an Elder of Beogh.
             Killed by divine providence
             ... invoked by a smoke demon
              (15 damage)
             ... on level 2 of the Abyss.
             The game lasted 00:43:28 (14381 turns).

DeadFury222 the Severer (Hill Orc Fighter)         Turns: 14381, Time: 00:43:28

Health: -8/97      AC: 17    Str: 23    XL:     11   Next: 95%
Magic:  16/16      EV:  4    Int:  8    God:    Beogh [****..]
Gold:   827        SH: 22    Dex: 10    Spells: 10/10 levels left

rFire    . . .     SeeInvis .   a - +1 war axe
rCold    . . .     Gourm    .   G - +0 large shield
rNeg     + . .     Faith    .   p - +1 plate armour
rPois    .         Spirit   .   (no helmet)
rElec    .         Reflect  +   n - +1 cloak
rCorr    +         Harm     .   (no gloves)
MR       .....                  (no boots)
Stlth    ..........             F - +5 amulet of reflection
HPRegen  0.26/turn              t - ring of resist corrosion
MPRegen  0.15/turn              w - ring of positive energy

@: about to teleport
A: no striking features
a: Smiting, Recall Orcish Followers, Renounce Religion


You were on level 2 of the Abyss.
You worshipped Beogh.
Beogh was greatly pleased with you.
You were not hungry.

You visited 3 branches of the dungeon, and saw 15 of its levels.
You visited the Abyss 1 time.
You also visited: Ossuary.

You collected 827 gold pieces.

Inventory:

Hand Weapons
 a - a +1 war axe (weapon)
 c - a +0 broad axe
 I - the +5 bardiche of Cuppao {chop, +Blink MP+9 Dex-2}
   (You found it on level 1 of the Lair of Beasts)

   It inflicts extra damage upon your enemies.
   It affects your dexterity (-2).
   It affects your magic capacity (+9).
   It lets you blink.
Armour
 n - a +1 cloak (worn)
 p - a +1 plate armour (worn)
 G - a +0 large shield (worn)
Jewellery
 t - a ring of resist corrosion (left hand)
 w - a ring of positive energy (right hand)
 F - a +5 amulet of reflection (around neck)
Wands
 y - a wand of iceblast (24)
 z - a wand of flame (37)
Scrolls
 e - 5 scrolls of fear
 g - 9 scrolls of remove curse
 h - 3 scrolls of amnesia
 i - 4 scrolls of noise
 j - 7 scrolls of teleportation
 m - 3 scrolls of enchant weapon
 q - 4 scrolls of identify
 x - a scroll of fog
 A - a scroll of magic mapping
 D - 4 scrolls of immolation {unknown}
 H - a scroll of blinking
 M - a scroll of summoning {unknown}
Potions
 b - 3 potions of lignification
 d - 4 potions of might
 l - 3 potions of flight
 o - 7 potions of curing
 r - a potion of magic
 s - 3 potions of brilliance
 u - a potion of mutation
 v - 4 potions of degeneration
 C - a potion of berserk rage {unknown}
 E - 2 potions of invisibility {unknown}
 K - a potion of heal wounds
Comestibles
 f - 31 rations


   Skills:
 + Level 9.1 Fighting
 - Level 16.2 Axes
 + Level 8.2 Armour
 - Level 1.0 Dodging
 - Level 0.2 Stealth
 + Level 8.9 Shields
 + Level 6.7 Invocations


You had 10 spell levels left.
You didn't know any spells.
Your spell library contained the following spells:

 Spells                   Type           Power        Failure   Level  Hunger
 Beastly Appendage        Tmut           #.....       100%        1    ##.....
 Corona                   Hex            #......      100%        1    ##.....
 Magic Dart               Conj           #...         100%        1    ##.....
 Blink                    Tloc           N/A          100%        2    ###....
 Call Imp                 Summ           #.......     100%        2    ###....
 Ensorcelled Hibernation  Hex/Ice        #.....       100%        2    ###....
 Slow                     Hex            #.......     100%        2    ###....
 Sticks to Snakes         Tmut           #.......     100%        2    ###....
 Confusing Touch          Hex            #.......     100%        3    ####...
 Conjure Flame            Conj/Fire      #.......     100%        3    ####...
 Dazzling Flash           Conj/Hex       #.....       100%        3    ####...
 Mephitic Cloud           Conj/Pois/Air  #.......     100%        3    ####...
 Spider Form              Tmut/Pois      #.........   100%        3    ####...
 Tukima's Dance           Hex            #.......     100%        3    ####...
 Ice Form                 Ice/Tmut       #.......     100%        4    #####..
 Blade Hands              Tmut           #.........   100%        5    ######.


Dungeon Overview and Level Annotations

Branches:
Dungeon (11/15)            Temple (1/1) D:7            Lair (3/6) D:8
    Orc (0/2) D:11        Ossuary (visited)
  Swamp: Lair:2-4    Shoals: Lair:2-4     Snake: Lair:2-4    Spider: Lair:2-4

Altars:
Ashenzari
Cheibriados
Dithmenos
Elyvilon
Fedhas
Gozag
Hepliaklqana
Kikubaaqudgha
Makhleb
Nemelex Xobeh
Okawaru
Qazlal
Ru
Sif Muna
Trog
Uskayaw
Vehumet
Wu Jian
Xom
Yredelemnul
Zin
The Shining One

Shops:
D:4 ?

Annotations:
D:11 Erolcha
Lair:1 exclusion: oklob plant


Message History

As you read the scroll of teleportation, it crumbles to dust.
You feel strangely unstable.
You feel the power of the Abyss delaying your translocation!
A small abomination comes into view.
A white imp comes into view.
The white imp shouts, "Quit, thou gorbellied weather-bitten yak-dropping!"
You hear a roar!
A smoke demon comes into view.
Found 21 stones.
Tentacles burst from the starspawn's body!
A starspawn tentacle comes into view.
A starcursed mass comes into view.
The white imp summons a swarm of flies.
The white imp gestures at you. The puff of frost hits you.
* * * LOW HITPOINT WARNING * * *
A small abomination comes into view.
A chaos spawn comes into view.
The smoke demon gestures at you. Something smites you!
You die...

.# .. .# .## §§
.. #§ ### .#
x##4##.##.##(#
#8wX≈.38.@5.3.#
#$##.##.##X##.#
#. ### x# .≈ ≈)
#. ### #+


You could see a starcursed mass, a tentacled starspawn, 2 smoke demons, a chaos
spawn, a small abomination, a starspawn tentacle and a white imp.

Vanquished Creatures
  Gastronok (D:9)
  Erica (D:10)
  A two-headed ogre (D:10)
  A black mamba (Lair:2)
  An elephant (D:8)
  3 spiny frogs
  3 trolls
  A hippogriff (Lair:3)
  A wraith (D:11)
  A spriggan (D:9)
  2 wyverns
  A basilisk (D:8)
  8 yaks (Lair:1)
  4 porcupines
  5 water moccasins
  Duvessa (D:7)
  3 ogres
  An eye of draining (D:11)
  A centaur (D:6)
  5 crocodiles
  7 bullfrogs
  A gnoll sergeant (D:5)
  3 scorpions
  2 wights (D:7)
  3 killer bees (D:7)
  2 howler monkeys (D:7)
  2 crimson imps
  2 centaur zombies
  2 human zombies (Ossuary)
  3 hounds
  7 gnoll shamans
  Crazy Yiuf (D:7)
  A bullfrog skeleton (D:6)
  3 orc priests
  A jelly (D:6)
  6 orc wizards
  Jessica (D:2)
  Ijyb (D:5)
  2 iguanas
  8 worker ants
  A big kobold zombie (Ossuary)
  A hound zombie (D:6)
  A hound skeleton (D:4)
  3 mummies (Ossuary)
  44 gnolls
  8 adders
  2 shadow imps
  An ooze (D:3)
  3 adder zombies (Ossuary)
  An adder skeleton (D:4)
  6 worms
  2 dart slugs (D:2)
  3 leopard geckos
  16 orcs
  3 ball pythons
  7 bats
  5 giant cockroaches
  9 goblins
  4 hobgoblins
  16 jackals
  8 kobolds
  5 quokkas
  3 frilled lizards
  A gnoll zombie (Ossuary)
  6 goblin zombies (Ossuary)
  3 hobgoblin zombies (Ossuary)
  A jackal skeleton (D:7)
  5 jackal zombies (Ossuary)
  A kobold zombie (Ossuary)
  5 orc zombies (Ossuary)
  2 quokka skeletons
  3 quokka zombies (Ossuary)
  8 rats
  4 rat zombies (Ossuary)
  2 fungi
296 creatures vanquished.

Vanquished Creatures (collateral kills)
  An ugly thing (D:11)
  Maggie (D:10)
  A troll (D:11)
  A hippogriff (D:9)
  A yak (D:8)
  A black bear (D:9)
  2 centaurs (D:9)
  A big kobold (D:10)
  3 bullfrogs
  A water moccasin zombie (D:7)
  Dowan (D:7)
  4 killer bees (D:7)
  A wight (D:7)
  3 howler monkeys
  A crimson imp (D:10)
  A hound (D:7)
  A quasit (D:6)
  An orc priest (D:6)
  3 orc wizards
  An iguana (D:6)
  A worker ant (D:7)
  3 gnolls (D:7)
  2 adders
  A worm (D:6)
  An orc (D:7)
  A giant cockroach (D:7)
  3 jackals (D:6)
  A quokka (D:11)
  2 kobolds (D:10)
45 creatures vanquished.

Vanquished Creatures (others)
  An orc sorcerer (D:10)
  An orc knight (D:10)
  An orc warrior (D:10)
  An orc wizard (D:10)
  2 orc priests
  7 orcs
  A fungus (Lair:2)
  A starspawn tentacle (Abyss:2)
15 creatures vanquished.

Grand Total: 356 creatures vanquished

Notes
Turn   | Place    | Note
-------+----------+-------------------------------------------
     0 | D:1      | DeadFury222 the Hill Orc Fighter began the quest for the
                  | Orb.
     0 | D:1      | Reached XP level 1. HP: 19/19 MP: 1/1
   825 | D:2      | Reached XP level 2. HP: 26/26 MP: 2/2
   830 | D:2      | Noticed Jessica
   848 | D:2      | Killed Jessica
   848 | D:2      | Reached skill level 3 in Axes
   848 | D:2      | Reached XP level 3. HP: 12/33 MP: 3/3
  1308 | D:2      | Found a hide-covered altar of Uskayaw.
  1380 | D:2      | Reached XP level 4. HP: 27/40 MP: 4/4
  1495 | D:2      | Reached skill level 4 in Axes
  2594 | D:3      | Reached XP level 5. HP: 41/46 MP: 5/5
  2737 | D:4      | Found a sand-covered staircase.
  2741 | Ossuary  | Entered an ossuary
  2756 | Ossuary  | Reached skill level 5 in Axes
  2892 | Ossuary  | Reached skill level 6 in Axes
  2892 | Ossuary  | Reached XP level 6. HP: 44/52 MP: 6/6
  3101 | D:4      | Reached skill level 7 in Axes
  3162 | D:4      | Became a worshipper of Beogh the Brigand
  3428 | D:4      | Found Qifrul's Magic Scroll Shoppe.
  3493 | D:4      | Reached XP level 7. HP: 59/59 MP: 7/7
  3574 | D:4      | Reached skill level 8 in Axes
  3835 | D:5      | Entered Level 5 of the Dungeon
  3875 | D:5      | Reached * piety under Beogh
  4247 | D:5      | Reached skill level 9 in Axes
  4295 | D:5      | Reached skill level 5 in Shields
  4412 | D:5      | Reached ** piety under Beogh
  4450 | D:5      | Reached XP level 8. HP: 66/67 MP: 8/8
  4855 | D:5      | Noticed Ijyb
  4877 | D:5      | Killed Ijyb
  4877 | D:5      | Reached skill level 10 in Axes
  4880 | D:5      | Reached skill level 5 in Fighting
  4881 | D:5      | Reached *** piety under Beogh
  5111 | D:5      | Reached skill level 1 in Dodging
  5448 | D:5      | Reached skill level 5 in Armour
  5869 | D:6      | Reached skill level 11 in Axes
  6195 | D:6      | Reached XP level 9. HP: 74/74 MP: 9/9
  6316 | D:6      | Reached **** piety under Beogh
  6978 | D:7      | Reached skill level 12 in Axes
  7067 | D:7      | Found a shadowy altar of Dithmenos.
  7331 | D:7      | Noticed Duvessa
  7332 | D:7      | Noticed Dowan
  7336 | D:7      | Killed Dowan
  7342 | D:7      | Killed Duvessa
  7342 | D:7      | Reached skill level 13 in Axes
  7356 | D:7      | Reached ***** piety under Beogh
  7416 | D:7      | Found a runed translucent door.
  7546 | D:7      | Noticed Crazy Yiuf
  7583 | D:7      | Found a staircase to the Ecumenical Temple.
  7790 | D:7      | Killed Crazy Yiuf
  7835 | Temple   | Entered the Ecumenical Temple
  8045 | D:8      | Found a staircase to the Lair.
  8045 | D:8      | Noticed an elephant
  8065 | D:8      | Killed an elephant
  8065 | D:8      | Reached skill level 14 in Axes
  8065 | D:8      | Reached XP level 10. HP: 22/83 MP: 10/10
  9141 | D:9      | Reached skill level 1 in Invocations
  9277 | D:9      | Gained Bogdan as an ally
  9406 | D:9      | Found a shadowy altar of Dithmenos.
  9575 | D:9      | Noticed Gastronok
  9591 | D:9      | Killed Gastronok
  9591 | D:9      | Gained Zorug as an ally
  9827 | D:10     | Entered Level 10 of the Dungeon
  9907 | D:10     | Reached skill level 15 in Axes
 10138 | D:10     | Noticed Maggie
 10149 | D:10     | Killed Maggie
 10234 | D:10     | Noticed a two-headed ogre
 10242 | D:10     | Killed a two-headed ogre
 10242 | D:10     | Reached XP level 11. HP: 68/93 MP: 14/14
 10358 | D:10     | Noticed Erica
 10371 | D:10     | Killed Erica
 10592 | D:10     | Found a runed translucent door.
 10598 | D:10     | Noticed a fire crab
 10611 | D:10     | Your ally Bogdan died
 10612 | D:10     | Your ally Zorug died
 10613 | D:10     | HP: 1/94 [fire crab (11)]
 10986 | Lair:1   | Entered Level 1 of the Lair of Beasts
 11056 | Lair:1   | Reached skill level 5 in Invocations
 11367 | Lair:1   | Got a steaming bardiche
 11368 | Lair:1   | Identified the +5 bardiche of Cuppao {chop, +Blink MP+9
                  | Dex-2} (You found it on level 1 of the Lair of Beasts)
 11394 | Lair:1   | Noticed an oklob plant
 12263 | Lair:2   | Reached skill level 16 in Axes
 13647 | Lair:3   | Noticed a five-headed hydra
 13991 | D:11     | Found a staircase to the Orcish Mines.
 14001 | D:11     | Gained Ognian as an ally
 14059 | D:11     | Noticed a red ugly thing
 14068 | D:11     | Killed a red ugly thing
 14143 | D:11     | Noticed Urug
 14291 | D:11     | Noticed Erolcha
 14296 | D:11     | Cast into level 2 of the Abyss (Erolcha)
 14296 | Abyss:2  | Found a corrupted altar of Lugonu.
 14307 | Abyss:2  | Found a snail-covered altar of Cheibriados.
 14350 | Abyss:2  | Noticed a starcursed mass
 14362 | Abyss:2  | Paralysed by accursed screaming for 1 turns
 14364 | Abyss:2  | Paralysed by accursed screaming for 1 turns
 14377 | Abyss:2  | Noticed a tentacled starspawn
 14380 | Abyss:2  | Noticed a starcursed mass
 14381 | Abyss:2  | Killed from afar by a smoke demon

Levels and vault maps discovered:
D:1:      roderic_crop_circles_arrival_small, layout_loops_corners
D:2:      layout_rooms, eat_drink_and_be_merry_uskayaw, first_ration,
          minmay_tromino_i4, uniq_jessica
D:3:      layout_loops_ring
D:4:      layout_gridville, enter_ossuary_5, serial_shops, kennysheep_mini_moat
D:5:      lemuel_castle_with_subvaults [lemuel_castle_interior_carwin_1],
          layout_rooms, uniq_ijyb
D:6:      layout_layer_cave
D:7:      layout_cave_pools, temple_pool_b, basic_altar, uniq_duvessa,
          uniq_crazy_yiuf_cottage
D:8:      cheibrodos_quashed, layout_basic, david_lair_generic
D:9:      layout_gridville, the_bakery, grunt_dithmenos_smoke_and_mirrors,
          uniq_gastronok
D:10:     gammafunk_mikee_crab_dinner, layout_basic, uniq_maggie, uniq_erica
D:11:     layout_irregular_city, orc_0_dummy, uniq_erolcha, uniq_urug
Temple:   dpeg_three_leaves_temple
Lair:1:   layout_chaotic_city, infiniplex_staircase_pool_2, grunt_megastairs_1,
          minmay_lair_oklob_chamber, lemuel_fruit_tree
Lair:2:   layout_loops_ring
Lair:3:   layout_cave_pods
Abyss:2:  base: D:3, bh_abyss_exit_grid, hangedman_cross_veins

Skill      XL: |  1  2  3  4  5  6  7  8  9 10 11 |
---------------+----------------------------------+-----
Axes           | 3 4 6 7 9 11 14 15 16 | 16.2
Fighting       | 4 5 6 7 9 |  9.1
Shields        | 4 5 6 7 8 |  8.9
Armour         | 4 5 6 8 |  8.2
Dodging        | 1 |  1.0
Invocations    | 4 6 |  6.7
Stealth        | |  0.2

Action                   |  1- 3 |  4- 6 |  7- 9 | 10-12 || total
-------------------------+-------+-------+-------+-------++-------
Melee: War axe           |    74 |   303 |   443 |   376 ||  1196
Invok: Convert to Beogh  |       |     1 |       |       ||     1
       Recall Orcish Fol |       |       |     1 |       ||     1
Evoke: Wand              |       |       |       |     2 ||     2
  Use: Scroll            |       |     3 |     9 |    17 ||    29
       Potion            |       |       |     1 |     3 ||     4
 Stab: Distracted        |       |       |     1 |     4 ||     5
  Eat: Chunk             |     1 |     7 |    16 |     6 ||    30
       Ration            |       |       |       |     4 ||     4
Armor: Scale mail        |    29 |       |       |       ||    29
       Plate armour      |       |   195 |   309 |   109 ||   613
Dodge: Dodged            |    23 |    52 |    93 |    63 ||   231
Block: Shield            |    40 |   165 |   265 |   139 ||   609
       Large shield      |       |       |       |    49 ||    49

Table legend:
 A = Non-vault XP
 B = Vault XP
 C = Vault XP percentage of total XP
 D = Non-vault monster count
 E = Vault monster count
 F = Vault count percentage of total count
                 A         B        C        D         E       F
            +---------+---------+-------+---------+---------+-------
      Total |   12590 |    5400 |  30.0 |     228 |     111 |  32.7
            +---------+---------+-------+---------+---------+-------
        D:1 |       9 |       0 |   0.0 |       6 |       0 |   0.0
        D:2 |      75 |      47 |  38.5 |      30 |       4 |  11.8
        D:3 |      37 |       0 |   0.0 |      15 |       0 |   0.0
        D:4 |     283 |       0 |   0.0 |      25 |       0 |   0.0
        D:5 |     483 |     851 |  63.8 |      25 |      56 |  69.1
        D:6 |     733 |       0 |   0.0 |      22 |       0 |   0.0
        D:7 |    1097 |     193 |  15.0 |      28 |       3 |   9.7
        D:8 |       0 |     763 | 100.0 |       0 |       4 | 100.0
        D:9 |    1073 |    1747 |  62.0 |      15 |       2 |  11.8
       D:10 |    1692 |    1060 |  38.5 |      15 |       2 |  11.8
       D:11 |    1786 |       0 |   0.0 |      18 |       0 |   0.0
     Lair:1 |    2320 |     485 |  17.3 |      14 |       2 |  12.5
     Lair:2 |    2031 |       0 |   0.0 |       9 |       0 |   0.0
     Lair:3 |     971 |       0 |   0.0 |       6 |       0 |   0.0
    Ossuary |       0 |     254 | 100.0 |       0 |      38 | 100.0
            +---------+---------+-------+---------+---------+-------
